 Dungeon Crawl Stone Soup version 0.18.1-50-g88ac8fd (webtiles) character file.

56 Enish the Gusty (level 3, -2/26 HPs)
             Began as a Draconian Air Elementalist on Oct 6, 2016.
             Slain by Sigmund
             ... wielding a +0 scythe
              (9 damage)
             ... on level 3 of the Dungeon.
             The game lasted 00:07:06 (1761 turns).

Enish the Gusty (Draconian Air Elementalist)        Turns: 1761, Time: 00:07:07

Health: -2/26      AC: 10    Str:  9 (10) XL:     3   Next: 69%
Magic:  2/7        EV: 12    Int: 15 (16) God:
Gold:   94         SH:  0    Dex:  8 (11) Spells: 3 memorised, 3 levels left

rFire  . . .     SeeInvis .     q - +0 dagger (protect)
rCold  . . .     Gourm    .     (armour unavailable)
rNeg   . . .     Faith    .     (no shield)
rPois  .         Spirit   .     (helmet restricted)
rElec  .         Dismiss  .     (no cloak)
rCorr  .         Reflect  .     (no gloves)
SustAt .         Harm     .     (no boots)
MR     .....                    (no amulet)
Stlth  ++........               (no ring)
                                o - ring of stealth

@: exhausted, slowed, very slow, not resistant to hostile enchantments,
unstealthy
A: unfitting armour, cold-blooded, AC +5
a: no special abilities


You were on level 3 of the Dungeon.
You were very hungry.

You visited 1 branch of the dungeon, and saw 3 of its levels.

You collected 94 gold pieces.

Inventory:

Hand Weapons
 d - a +0 dagger
 q - a +0 dagger of protection (weapon)
Jewellery
 o - a ring of stealth (left hand)
Scrolls
 e - a scroll of remove curse
 h - a scroll of blinking
 j - a scroll of immolation {unknown}
Potions
 l - a potion of flight
 p - a potion of mutation {unknown}
Books
 a - a book of Air

   Spells                             Type                      Level
   a - Shock                          Conjuration/Air              1
   b - Swiftness                      Charms/Air                   2
   c - Repel Missiles                 Charms/Air                   2
   d - Static Discharge               Conjuration/Air              3
   e - Lightning Bolt                 Conjuration/Air              5
Comestibles
 b - 2 bread rations
 i - 4 meat rations
 n - a slice of pizza


   Skills:
 - Level 1.7 Dodging
 - Level 1.7 Stealth
 * Level 3.0 Spellcasting
 - Level 1.0 Conjurations
 - Level 4.0 Air Magic


You had 3 spell levels left.
You knew the following spells:

 Your Spells              Type           Power        Failure   Level  Hunger
a - Shock                 Conj/Air       #...         10%         1    #......
b - Swiftness             Chrm/Air       #.......     14%         2    ##.....
c - Repel Missiles        Chrm/Air       #.....       14%         2    ##.....


Dungeon Overview and Level Annotations

Branches:
Dungeon (3/15)

Altars:

Annotations:
D:2 exclusion: downstairs
D:3 Sigmund


Innate Abilities, Weirdness & Mutations

Your plain brown scales are hard (AC +5).
Your body does not fit into most forms of armour.
You are cold-blooded and may be slowed by cold attacks.


Message History

You feel your anger subside.
You are no longer berserk.
You are exhausted.
You feel yourself slow down.
You are feeling very hungry.
Something hits you but does no damage.
You closely miss something. Something hits you but does no damage.
You swing at nothing.
Something hits you.
You swing at nothing.
You feel less woody.
You feel less confused. Something hits you but does no damage.
You closely miss something. Something hits you.
You barely miss something.
Your tail-slap misses something.
Something hits you!
* * * LOW HITPOINT WARNING * * *
Read which item? (? for menu, Esc to quit)
Blink to where?
Press: ? - help, Dir - move target cursor, f - you
Okay, then.
Unknown command.
Something hits you!
You die...

#...## ##...#
#.###
#####..(# #.
#...#...# [.
#...#...# ...
#(..#...# ####
#...#...#
.#####...#...#
[........#...#
####...<{.@.#
...........###
........####
........#
.!......#
........#
###.#...#
..#..<#


There were no monsters in sight!

Vanquished Creatures
  2 adders (D:2)
  2 dart slugs (D:1)
  4 giant cockroaches
  5 goblins
  3 hobgoblins
  3 jackals (D:2)
  2 ball pythons
  2 bats (D:1)
  2 giant newts (D:2)
  7 kobolds
  A rat (D:1)
33 creatures vanquished.

Notes
Turn   | Place    | Note
--------------------------------------------------------------
     0 | D:1      | Enish the Draconian Air Elementalist began the quest for the Orb.
     0 | D:1      | Reached XP level 1. HP: 14/14 MP: 3/3
   302 | D:1      | Reached XP level 2. HP: 2/20 MP: 1/5
   577 | D:1      | Learned a level 2 spell: Swiftness
   580 | D:1      | Learned a level 2 spell: Repel Missiles
   676 | D:1      | Reached skill level 4 in Air Magic
  1123 | D:2      | Reached XP level 3. HP: 24/26 MP: 2/6
  1587 | D:3      | Noticed Sigmund
  1761 | D:3      | Slain by Sigmund

Skill      XL: |  1  2  3 |
---------------+----------+-----
Air Magic      | 4 |  4.0
Spellcasting   | 3 |  3.0
Dodging        | |  1.7
Stealth        | |  1.7
Conjurations   | |  1.0

Action                   || total
-------------------------++-------
Melee: Dagger            ||    51
       Unarmed           ||     7
       Tailslap          ||     3
 Cast: Shock             ||    65
  Use: Potion            ||     7
       Scroll            ||     5
 Stab: Distracted        ||     1
  Eat: Chunk             ||     3
Armor: Skin              ||    28
Dodge: Dodged            ||    31
